 Dungeon Crawl Stone Soup version 0.27.0-66-gdc8fb28755 (webtiles) character file.

Game seed: 604160395942391157

74 safid the Skirmisher (level 4, -2/40 HPs)
             Began as a Hill Orc Fighter on Aug 21, 2021.
             Slain by Sigmund (6 damage)
             ... on level 3 of the Dungeon.
             The game lasted 00:06:00 (2041 turns).

safid the Skirmisher (Hill Orc Fighter)             Turns: 2041, Time: 00:06:01

Health: -2/40      AC:  7    Str: 19    XL:     4   Next: 30%
Magic:  14/14      EV:  7    Int:  8    God:
Gold:   116        SH:  9    Dex: 10    Spells: 3/3 levels left

rFire    . . .     SeeInvis .   a - +0 war axe
rCold    . . .     Faith    .   c - +0 kite shield
rNeg     . . .     Spirit   .   b - +0 scale mail
rPois    .         Reflect  .   (no helmet)
rElec    .         Harm     .   (no cloak)
rCorr    .         Rampage  .   (no gloves)
Will     .....                  (no boots)
Stlth    ..........             i - amulet of the acrobat
HPRegen  0.13/turn              k - ring of magical power
MPRegen  0.14/turn              (no ring)

@: no status effects
A: no striking features
a: no special abilities


You were on level 3 of the Dungeon.
You visited 1 branch of the dungeon, and saw 3 of its levels.

You collected 116 gold pieces.

Inventory:

Hand Weapons
 a - a +0 war axe (weapon)
Missiles
 f - 11 boomerangs (quivered)
 h - 42 stones
Armour
 b - a +0 scale mail (worn)
 c - a +0 kite shield (worn)
Jewellery
 i - an amulet of the acrobat (around neck)
 k - a ring of magical power (left hand)
Scrolls
 e - 2 scrolls of identify {unknown}
 j - a scroll of torment {unknown}
 l - 2 scrolls of teleportation {unknown}
 m - 2 scrolls of acquirement {unknown}
 n - a scroll of enchant armour {unknown}
 q - a scroll of immolation {unknown}
Potions
 d - a potion of might
 g - a potion of flight
 p - a potion of ambrosia {unknown}


   Skills:
 + Level 4.2 Fighting
 + Level 3.5 Axes
 + Level 3.8 Armour
 + Level 3.8 Shields
 + Level 1.9 Invocations


You had 3 spell levels left.
You didn't know any spells.
Your spell library contained the following spells:

 Spells                   Type           Power      Damage    Failure   Level
 Summon Lightning Spire   Summ/Air       0%         N/A       100%        4
 Storm Form               Tmut/Air       0%         N/A       100%        7
 Maxwell's Capacitive Co  Air            0%         ∞         100%        8


Dungeon Overview and Level Annotations

Branches:
Dungeon (3/15)

Altars:

Shops:
D:1 =

Annotations:
D:3 Sigmund


Message History

Sigmund the Dreaded comes into view.
He is wielding a +0 scythe.
Sigmund shouts!
Sigmund points at you and mumbles some strange words.
You are confused.
You barely miss the endoplasm. The endoplasm freezes you.
You are frozen.
You feel less confused.
The endoplasm jiggles.
Sigmund casts a spell at you.
You are confused.
You closely miss the endoplasm. Sigmund gestures at you while chanting.
You resist with some effort. The endoplasm freezes you.
You are frozen.
* * * LOW HITPOINT WARNING * * *
Sigmund points at you and mumbles some strange words.
The magic dart hits you.
* * * LOW HITPOINT WARNING * * *
The endoplasm freezes you.
You are frozen.
* * * LOW HITPOINT WARNING * * *
You bump into the rock wall.
The endoplasm closely misses you.
It was a potion of flight.
You feel very buoyant.
You fly up into the air.
Sigmund gestures wildly while chanting.
Sigmund flickers and vanishes!
Deactivating autopickup; reactivate with Ctrl-A.
The endoplasm hits you.
* * * LOW HITPOINT WARNING * * *
You are too confused!
Unknown command.
It was a potion of cancellation.
Your magical effects are unravelling.
You feel magically purged.
You float gracefully downwards.
You feel less confused. Something hits you.
You die...

#...# ##########.#...
#...# .....[.......#
#...#.#.............#
#[..#.#.............#
#...#.#.............#
#...#.#...........(.+
#...#.#.............##
....#.####....{.J###.#
###.#.!.........@'...#
.................###.#
#.#..........##### #.#
#.########.#.#######.#
#.# #.#.........# #.#
#.#.........# #.#
#.#.........# #.#
#.#.........# #.#
#...........#


You could see an endoplasm.

Vanquished Creatures
  3 adders (D:3)
  2 worms
  2 dart slugs (D:1)
  3 endoplasms (D:1)
  2 giant cockroaches
  A goblin (D:2)
  2 hobgoblins (D:2)
  7 kobolds
  A quokka (D:2)
  3 ball pythons (D:1)
  5 bats
  3 frilled lizards
  6 rats
40 creatures vanquished.

Notes
Turn   | Place    | Note
-------+----------+-------------------------------------------
     0 | D:1      | safid the Hill Orc Fighter began the quest for the Orb.
     0 | D:1      | Reached XP level 1. HP: 19/19 MP: 1/1
    21 | D:1      | Found Rorex's Jewellery Emporium.
   347 | D:1      | Reached XP level 2. HP: 24/27 MP: 2/2
   658 | D:1      | Reached skill level 1 in Invocations
  1053 | D:1      | Reached XP level 3. HP: 31/33 MP: 3/3
  1078 | D:1      | Reached skill level 4 in Fighting
  1111 | D:1      | You fall into a shaft and drop 1 floor!
  1987 | D:3      | Reached XP level 4. HP: 21/40 MP: 5/5
  2030 | D:3      | Noticed Sigmund
  2041 | D:3      | Slain by Sigmund

Illustrated notes

Levels and vault maps discovered:
D:1:      dpeg_arrival_rooms_c, layout_basic, serial_shops, shop_coins
D:2:      layout_rooms
D:3:      layout_basic, gup_sewer_entry_bubbles, uniq_terence, uniq_sigmund,
          uniq_crazy_yiuf_cottage

Skill      XL: |  1  2  3 |
---------------+----------+-----
Axes           | 3 |  3.5
Invocations    | 1 |  1.9
Fighting       | 4 |  4.2
Armour         | |  3.8
Shields        | |  3.8

Action                   |  1- 3 |  4- 6 || total
-------------------------+-------+-------++-------
Melee: War axe           |   132 |     7 ||   139
  Use: Potion            |       |     2 ||     2
Armor: Scale mail        |    53 |     4 ||    57
Dodge: Dodged            |    64 |     3 ||    67
Block: Kite shield       |    59 |     1 ||    60
